Map: Eternal Empire LE

Players

CloudIII - Winner!

  • Race: Terran Terran
  • Spawn Location: 1:00

Fade

  • Race: Zerg Zerg
  • League: Platinum
  • Spawn Location: 7:00

VOD

Have the link to the VOD?

Description

TvZ clan kill

Time

  • Played on: Aug. 7, 2020, 9:40 a.m.
  • Length: 16:02
Show
View Real Time Build Order
Export as new Build Order

CloudIII Terran - Winner!

Build Orders: Liberator Opening, Reaper Expand 

Get SALT Encoding   

  12  0:00  SCV  
  13  0:12  SCV  
  14  0:18  Supply Depot  
  14  0:25  SCV  
  15  0:39  SCV  
  15  0:40  Barracks  
  16  0:46  Refinery  
  16  0:52  SCV  
  17  1:04  SCV  
  18  1:16  SCV  
  19  1:30  Reaper  
  19  1:32  Orbital Command  
  20  1:42  Command Center  
  20  1:53  Supply Depot  
  20  1:57  SCV  
  21  2:06  Factory  
  21  2:08  Marine  
  21  2:15  SCV  
  23  2:20  Refinery  
  23  2:32  SCV  
  23  2:34  Barracks Reactor  
  23  2:36  Bunker  
  24  2:45  SCV  
  25  2:56  Orbital Command  
  25  2:57  SCV  
  26  3:01  Starport  
  25  3:16  Hellion  
  25  3:17  Hellion  
  25  3:18  Barracks Tech Lab  
  29  3:20  SCV  
  29  3:21  SCV  
  31  3:38  Hellion x2  
  35  3:43  Stimpack  
  35  3:47  SCV x2  
  37  3:50  Marine  
  38  3:57  Liberator  
  38  4:01  Command Center  
  41  4:15  Supply Depot  
  41  4:16  SCV  
  41  4:17  SCV  
  43  4:19  Hellion  
  45  4:27  Supply Depot  
  45  4:35  SCV  
  45  4:37  SCV, Hellion  
  49  4:49  Marine  
  49  4:50  Hellion  
  49  4:51  Starport Tech Lab  
  49  4:52  SCV x2  
  54  4:59  Supply Depot  
  54  5:00  Engineering Bay x2  
  54  5:04  SCV x2  
  56  5:17  Marine  
  51  5:25  SCV x2  
  51  5:26  Orbital Command  
  51  5:27  Terran Infantry Weapons Level 1, Terran Infantry Armor Level 1  
  50  5:29  Refinery  
  50  5:30  Refinery  
  50  5:39  Starport Reactor  
  50  5:42  Supply Depot  
  50  5:46  Barracks  
  50  5:47  Barracks  
  50  5:50  Missile Turret  
  50  5:51  Barracks  
  50  5:52  Missile Turret, Barracks  
  50  5:56  Combat Shield  
  50  5:59  Orbital Command  
  50  6:01  SCV x2  
  52  6:19  SCV x2, Supply Depot, Marine  
  52  6:21  Siege Tank  
  58  6:30  SCV  
  58  6:31  SCV  
  60  6:34  Starport Reactor  
  60  6:40  Marine x3  
  60  6:41  Armory  
  60  6:42  Barracks Reactor x2  
  63  6:49  SCV x3  
  63  6:51  Marine x2  
  62  7:03  Marine x2  
  62  7:04  Marine  
  62  7:05  Siege Tank  
  68  7:09  Marine  
  68  7:11  Orbital Command  
  68  7:13  Marine  
  68  7:14  Medivac x2  
  68  7:15  SCV x2  
  72  7:45  SCV x2  
  72  7:46  SCV  
  72  7:48  Marine x7  
  72  7:49  Marine  
  72  7:50  Supply Depot x2, Medivac x2, Siege Tank  
  72  7:51  Supply Depot  
  89  7:54  Command Center  
  89  7:58  Missile Turret  
  89  8:00  Missile Turret  
  89  8:01  Missile Turret  
  89  8:02  Missile Turret  
  89  8:04  Missile Turret  
  89  8:05  Missile Turret, Marine  
  89  8:06  Marine x2  
  89  8:07  Marine x3  
  94  8:16  Supply Depot  
  94  8:20  Supply Depot  
  94  8:21  SCV x2  
  94  8:22  Supply Depot, Marine  
  94  8:24  Marine  
  98  8:35  Marine x3  
  98  8:36  Marine x2  
  98  8:40  Supply Depot  
  103  8:44  SCV x2  
  103  8:45  SCV, Supply Depot  
  103  8:47  Terran Infantry Armor Level 2, Terran Infantry Weapons Level 2  
  106  8:48  Terran Vehicle And Ship Armor Level 1  
  100  9:04  Marine x8  
  100  9:05  Medivac x2, Siege Tank  
  115  9:30  Marine x5  
  115  9:31  Marine x3  
  121  9:34  Missile Turret  
  121  9:35  Missile Turret  
  121  9:39  Missile Turret  
  109  10:10  Marine x6  
  109  10:11  Medivac, Marine x2, Siege Tank  
  109  10:12  Medivac  
  124  10:16  Factory  
  122  10:22  Barracks  
  122  10:23  Marine  
  122  10:25  Barracks  
  122  10:26  Barracks  
  122  10:28  Marine  
  116  10:30  Marine x5  
  116  10:31  Marine x2  
  123  10:39  SCV x3  
  123  10:40  Missile Turret  
  123  10:41  Missile Turret  
  124  10:42  Missile Turret  
  124  10:49  Command Center  
  127  10:51  SCV x2  
  127  10:53  Thor  
  132  11:01  Drilling Claws  
  132  11:02  Factory Tech Lab  
  132  11:03  Factory Reactor  
  132  11:05  SCV x3  
  132  11:10  Reaper  
  136  11:13  Planetary Fortress  
  136  11:17  SCV  
  137  11:38  Marine x6  
  137  11:39  Medivac, Marine x2  
  150  11:40  Medivac  
  150  11:41  Thor  
  150  11:43  Widow Mine x2  
  150  11:47  Refinery  
  159  11:49  Terran Infantry Weapons Level 3, Refinery, Terran Infantry Armor Level 3  
  159  11:55  Barracks Tech Lab  
  159  11:57  Marauder  
  149  12:15  Marine  
  149  12:16  Marine x6  
  157  12:34  Marauder  
  157  12:35  Marauder, Barracks Tech Lab  
  163  12:37  Widow Mine x2  
  163  12:38  Thor  
  163  12:39  Medivac x2  
  173  12:56  Marauder  
  154  13:14  Liberator x2  
  160  13:32  Marauder x3, Marine x6  
  160  13:33  Marine x2  
  178  13:34  Widow Mine x2, Thor  
  143  14:22  Ghost Academy  
  144  14:25  Marine x6  
  144  14:26  Marauder x3, Marine x2  
  144  14:27  Widow Mine x3  
  144  14:28  Liberator  
  153  14:34  Planetary Fortress  
  153  14:40  Refinery  
  153  14:42  Refinery, Marine  
  153  14:43  Marine  
  155  14:45  Command Center  
  155  14:47  Marauder x3  
  157  15:08  Marauder  
  157  15:13  Marine x4  
  150  15:14  Marauder x2  
  150  15:15  Marine x2  
  150  15:16  Widow Mine x2, Thor  
  150  15:19  Liberator x2  
  170  15:27  SCV x3  
  170  15:28  SCV  
  178  15:41  Missile Turret  
  178  15:42  Unknown, Missile Turret x2  
  178  15:44  Command Center  
  187  15:58  Unknown  
Show
View Real Time Build Order
Export as new Build Order

Fade Zerg 

Build Orders: Hatch First, Muta Ling Bane 

Get SALT Encoding   

  12  0:00  Drone  
  13  0:14  Overlord  
  13  0:17  Drone  
  14  0:32  Drone  
  14  0:34  Drone  
  16  0:42  Drone  
  17  0:55  Hatchery  
  17  0:56  Extractor  
  16  0:57  Drone  
  16  1:14  Spawning Pool  
  16  1:15  Drone  
  16  1:21  Drone  
  16  1:23  Drone  
  18  1:32  Overlord  
  18  1:40  Drone  
  19  2:00  Metabolic Boost  
  19  2:02  Queen  
  19  2:04  Zergling x4  
  23  2:11  Queen  
  25  2:21  Drone x2  
  27  2:32  Zergling x4  
  27  2:33  Zergling x2  
  27  2:35  Drone  
  31  2:45  Drone x2  
  33  3:02  Drone  
  34  3:05  Queen  
  36  3:20  Overlord x2  
  36  3:23  Extractor  
  36  3:24  Baneling Nest  
  36  3:25  Drone x2  
  36  3:35  Hatchery  
  35  3:43  Drone x2  
  37  3:51  Drone x3  
  37  3:52  Drone  
  41  4:11  Zergling x8  
  45  4:20  Drone x6  
  45  4:21  Spore Crawler, Extractor  
  49  4:33  Baneling x2  
  49  4:34  Baneling x2  
  49  4:43  Zergling x4  
  49  4:44  Zergling x2  
  49  4:45  Overlord  
  52  4:49  Zergling x8  
  52  4:50  Zergling x2  
  57  4:53  Spore Crawler  
  56  5:00  Drone  
  56  5:02  Drone  
  56  5:04  Overlord  
  56  5:19  Spore Crawler  
  54  5:28  Drone  
  54  5:29  Drone x7  
  62  5:36  Lair, Drone  
  62  5:40  Queen  
  62  5:41  Queen  
  67  5:50  Drone x3  
  70  5:58  Drone x2  
  70  6:02  Drone  
  70  6:03  Drone  
  70  6:04  Overlord x4  
  74  6:08  Extractor  
  74  6:09  Extractor  
  72  6:15  Evolution Chamber  
  71  6:20  Evolution Chamber  
  71  6:25  Drone x3  
  73  6:26  Drone x3  
  73  6:27  Zergling x2  
  73  6:28  Zergling x10  
  82  6:33  Centrifical Hooks  
  82  6:34  Drone x3  
  85  6:40  Overseer  
  84  6:51  Zerg Melee Weapons Level 1  
  84  6:52  Zerg Ground Armor Level 1  
  83  6:56  Spire  
  83  7:00  Pneumatized Carapace  
  83  7:01  Infestation Pit, Drone  
  83  7:02  Zergling x12  
  88  7:14  Overseer  
  84  7:35  Drone x2  
  84  7:36  Drone x2  
  85  7:38  Hatchery  
  85  7:39  Zergling x12  
  85  7:40  Zergling x14  
  97  7:50  Baneling x10  
  96  7:57  Hive  
  96  7:58  Drone  
  97  8:02  Baneling  
  97  8:03  Baneling x4  
  97  8:07  Overlord x6  
  97  8:10  Extractor  
  96  8:30  Mutalisk  
  96  8:31  Mutalisk x8  
  114  8:42  Drone x7  
  121  9:11  Zerg Melee Weapons Level 2  
  121  9:12  Zerg Ground Armor Level 2  
  121  9:36  Zergling x24  
  121  9:37  Zergling x30  
  148  9:39  Drone x3  
  89  10:27  Drone x5  
  89  10:28  Drone x7  
  96  11:05  Ultralisk Cavern  
  96  11:06  Zergling x24  
  107  11:20  Hatchery x2  
  107  11:23  Zergling x6  
  108  11:27  Adrenal Glands  
  108  11:28  Zerg Melee Weapons Level 3, Zerg Ground Armor Level 3  
  108  11:32  Baneling x5  
  108  11:38  Spore Crawler  
  107  11:52  Ultralisk  
  107  11:53  Ultralisk x3  
  107  11:54  Anabolic Synthesis  
  126  12:33  Drone x9  
  126  12:34  Drone x9  
  144  12:38  Chitinous Plating  
  144  12:45  Spore Crawler x2  
  142  13:00  Spore Crawler x2  
  142  13:01  Hatchery  
  131  13:05  Spore Crawler  
  131  13:09  Zergling x8  
  131  13:10  Zergling x34  
  103  13:21  Ultralisk  
  103  13:22  Ultralisk x3  
  127  13:30  Baneling x5  
  127  13:39  Baneling x4  
  127  13:40  Zergling x12  
  127  13:41  Zergling x10  
  138  13:51  Unknown  
  138  13:53  Extractor  
  136  13:56  Spore Crawler  
  136  13:58  Extractor  
  92  14:12  Zergling x2  
  92  14:13  Zergling x34  
  104  14:21  Zergling x6  
  107  14:28  Zergling x16  
  115  14:32  Zergling x2  
  115  14:33  Zergling x10  
  121  14:44  Baneling x9  
  121  14:45  Baneling x3  
  75  15:08  Zergling x12  
  75  15:09  Zergling x38  
  93  15:25  Zergling x6  
  93  15:26  Zergling x12  
  102  15:30  Baneling  
  102  15:31  Baneling x16  
  104  15:46  Baneling x5  
Tags
 
Add a new tag
Caveats
  • Supply blocks, unpowered buildings, or Contaminate may cause inaccurate times.
  • Supply counts are checked every 10 seconds.